[Event "Titled Tuesday Blitz May 24 Early 2022"]
[White "Kim, Sergey"]
[Black "Khamdamova, Afruza"]
[WhiteFideId "13700570"]
[BlackFideId "14210444"]
[WhiteElo "2529"]
[BlackElo "1660"]
[Result "1-0"]
[Round "11"]
[TimeControl "180+1"]
[Date "2022.05.25"]
[WhiteClock "0:00:29"]
[BlackClock "0:00:03"]

1. d4 Nf6 2. c4 e6 3. Nc3 d5 4. Nf3 Be7 5. Bf4 O-O 6. e3 b6 7. cxd5 exd5 8. Bd3 c5 9. Ne5 Bb7 10. O-O Nbd7 11. Qf3 Re8 12. Qh3 g6 13. Rad1 Bf8 14. Bb5 Bc8 15. Nc6 Nb8 16. Qh4 Nxc6 17. Bxc6 cxd4 18. exd4 Nh5 19. Qxd8 Rxd8 20. Bc7 Be6 21. Bxa8 Rxa8 22. Rfe1 Rc8 23. Be5 Ng7 24. Rc1 Nf5 25. Nb5 Ra8 26. Nc7 Rd8 27. Nxe6 fxe6 28. Rc7 a5 29. Rec1 Bd6 30. Rc8 Rxc8 31. Rxc8+ Kf7 32. Bxd6 Nxd6 33. Rb8 b5 34. Rb6 Ke7 35. Ra6 a4 36. Ra7+ Kf6 37. Rxh7 Nf5 38. Rb7 Nxd4 39. Kf1 e5 40. f3 Ke6 41. Kf2 g5 42. g3 Kd6 43. h4 gxh4 44. gxh4 Kc6 45. Rb8 Nf5 46. h5 d4 47. Rf8 Ne7 48. h6 Kd5 49. h7 Ng6 50. h8=Q Nxh8 51. Rxh8 Kc4 52. Ke2 Kb4 53. Rb8 1-0


[Site "https://www.chess.com"]

[Event "Titled Tuesday Blitz May 24 Early 2022"]
[White "Kosteniuk, Alexandra"]
[Black "Vusatiuk, Vladimir"]
[WhiteFideId "4128125"]
[BlackFideId "14118610"]
[WhiteElo "2469"]
[BlackElo "2157"]
[Result "0-1"]
[Round "11"]
[TimeControl "180+1"]
[Date "2022.05.25"]
[WhiteClock "0:00:59"]
[BlackClock "0:00:31"]

1. e4 c5 2. Nf3 d6 3. Bc4 Nc6 4. a4 Nf6 5. d3 g6 6. O-O Bg7 7. c3 O-O 8. Re1 e5 9. Bd2 h6 10. h3 Re8 11. b4 b6 12. Na3 Be6 13. Qb3 Bxc4 14. Nxc4 cxb4 15. cxb4 d5 16. Na3 Rc8 17. b5 dxe4 18. dxe4 Nd4 19. Nxd4 Qxd4 20. Be3 Qc3 21. Qxc3 Rxc3 22. Nb1 Rd3 23. Nd2 Red8 24. Ra2 Bf8 25. Nc4 Nxe4 26. Nxe5 Rd1 27. Ra1 Rxa1 28. Rxa1 Bg7 29. f4 Bxe5 30. fxe5 Rd5 31. Bxh6 Rxe5 32. Bf4 Rd5 33. Bb8 Rd7 34. Rc1 Nc5 35. a5 f5 36. a6 Kf7 37. Rxc5 bxc5 38. b6 axb6 39. a7 Rd1+ 40. Kf2 Ra1 41. Ke3 Ke6 42. Kf4 c4 43. g4 b5 44. gxf5+ gxf5 45. h4 c3 46. Kg5 c2 47. Bf4 Rxa7 0-1


[Site "https://www.chess.com"]

[Event "Titled Tuesday Blitz May 24 Early 2022"]
[White "Kozak, Antoni"]
[Black "Tregubov, Pavel V."]
[WhiteFideId "21832030"]
[BlackFideId "4115341"]
[WhiteElo "2322"]
[BlackElo "2341"]
[Result "0-1"]
[Round "11"]
[TimeControl "180+1"]
[Date "2022.05.24"]
[WhiteClock "0:00:02"]
[BlackClock "0:00:09"]

1. e4 e5 2. Nf3 Nf6 3. Nc3 Nc6 4. Bc4 Nxe4 5. Nxe4 d5 6. Bd3 dxe4 7. Bxe4 Bd6 8. d4 O-O 9. dxe5 Nxe5 10. O-O Bg4 11. h3 Bxf3 12. Bxf3 Nxf3+ 13. Qxf3 c6 14. Be3 Qa5 15. a3 Rad8 16. Rad1 Qe5 17. g3 Qxb2 18. Rb1 Qxa3 19. Rxb7 Bc5 20. Rb3 Qa5 21. Qxc6 Rc8 22. Qe4 Rfe8 23. Qd5 Red8 24. Qe5 Qc7 25. Qxc7 Rxc7 26. Rc3 Rdc8 27. Bxc5 Rxc5 28. Rxc5 Rxc5 29. Rc1 Rc3 30. Kf1 h5 31. h4 Kf8 32. Ke2 Ke7 33. Kd2 Rf3 34. Re1+ Kd6 35. Ke2 Rf5 36. Ra1 a5 37. Ke3 Kc6 38. f4 Rd5 39. c4 Rf5 40. Kd4 f6 41. Re1 g5 42. Re6+ Kd7 43. Re4 gxh4 44. gxh4 a4 45. Kc3 Ra5 46. Kb4 Ra8 47. Ka3 Kd6 48. Rd4+ Kc5 49. Rd5+ Kxc4 50. Rxh5 Kd4 51. Rf5 Ra6 52. Rh5 Ke4 53. f5 Kf4 54. Rh8 Kxf5 55. h5 Kg5 56. h6 Kg6 57. Kb2 a3+ 58. Ka2 Ra7 59. Rf8 Ra6 60. Rh8 Kh5 61. h7 Kh6 62. Kb1 Kg7 63. Rf8 Kxh7 64. Ka2 Kg6 65. Rc8 Kf5 66. Rg8 Kf4 67. Rg1 f5 68. Rf1+ Ke4 69. Re1+ Kd3 70. Rd1+ Ke2 71. Rd4 Rf6 72. Kxa3 f4 73. Kb3 f3 74. Re4+ Kd3 75. Re1 f2 76. Rd1+ Ke2 77. Kb2 0-1


[Site "https://www.chess.com"]

[Event "Titled Tuesday Blitz May 24 Early 2022"]
[White "Kuderinov, Kirill"]
[Black "Hambleton, Aman"]
[WhiteFideId "13701568"]
[BlackFideId "2606577"]
[WhiteElo "2432"]
[BlackElo "2552"]
[Result "1-0"]
[Round "11"]
[TimeControl "180+1"]
[Date "2022.05.25"]
[WhiteClock "0:01:19"]
[BlackClock "0:00:01"]

1. c4 c5 2. Nc3 b6 3. d4 cxd4 4. Qxd4 Bb7 5. Nf3 e6 6. e4 d6 7. Be2 Nf6 8. Bg5 Nbd7 9. Nb5 h6 10. Bh4 Qb8 11. Rd1 Nxe4 12. O-O a6 13. Nc3 Nef6 14. Bg3 e5 15. Qd2 Nc5 16. Rfe1 Be7 17. Nh4 Nfe4 18. Nxe4 Nxe4 19. Qe3 Nxg3 20. Qxg3 Bxh4 21. Qxh4 O-O 22. Bd3 Qc7 23. Qg3 f5 24. Qg6 Rf6 25. Qh5 Raf8 26. Bc2 Kh7 27. Qh3 g6 28. Re3 Kg7 29. b3 b5 30. Rde1 bxc4 31. Rc3 e4 32. Rxc4 Qd7 33. Qc3 Rc8 34. Rd1 Rxc4 35. bxc4 Qe7 36. c5 dxc5 37. Ba4 Bc8 38. Rd5 Kh7 39. Rxc5 Rf8 40. Rc7 Bd7 41. Rxd7 1-0


[Site "https://www.chess.com"]

[Event "Titled Tuesday Blitz May 24 Early 2022"]
[White "Lauridsen, Jesper Morch"]
[Black "Shevtchenko, Olesya"]
[WhiteFideId "1401890"]
[BlackFideId "24131890"]
[WhiteElo "2229"]
[BlackElo "2003"]
[Result "1-0"]
[Round "11"]
[TimeControl "180+1"]
[Date "2022.05.25"]
[WhiteClock "0:00:32"]
[BlackClock "0:00:17"]

1. e4 e6 2. d4 d5 3. e5 c5 4. c3 Nc6 5. Nf3 Bd7 6. Be2 Qb6 7. dxc5 Bxc5 8. O-O a5 9. Nbd2 f6 10. exf6 Nxf6 11. Nb3 Be7 12. Be3 Qc7 13. c4 O-O 14. cxd5 Nxd5 15. Bc5 Bxc5 16. Nxc5 b6 17. Nxd7 Qxd7 18. Bb5 Qb7 19. Rc1 Rac8 20. Re1 Nf4 21. Qd6 Nb4 22. Rxc8 Qxc8 23. Bd7 Qc2 24. Bxe6+ Nxe6 25. Qxe6+ Kh8 26. Qxb6 Nd3 27. Rf1 a4 28. b3 a3 29. Ng5 h6 30. Ne6 Re8 31. Nd4 Qxf2+ 32. Rxf2 1-0


[Site "https://www.chess.com"]

[Event "Titled Tuesday Blitz May 24 Early 2022"]
[White "Le, Tuan Minh"]
[Black "Bharath Subramaniyam H"]
[WhiteFideId "12401153"]
[BlackFideId "46634827"]
[WhiteElo "2450"]
[BlackElo "2242"]
[Result "1/2-1/2"]
[Round "11"]
[TimeControl "180+1"]
[Date "2022.05.24"]
[WhiteClock "0:00:06"]
[BlackClock "0:00:10"]

1. d4 Nf6 2. Nf3 e6 3. Bf4 c5 4. c3 d5 5. e3 Nc6 6. Nbd2 Bd6 7. Bg3 O-O 8. Bb5 Qe7 9. O-O Bd7 10. Qa4 a6 11. Bxc6 Bxc6 12. Qa3 b6 13. Bxd6 Qxd6 14. c4 dxc4 15. Nxc4 Qc7 16. dxc5 Bxf3 17. gxf3 bxc5 18. Rfd1 Nd5 19. Rac1 Qe7 20. Nd2 Nb4 21. Ne4 Rfd8 22. Rxd8+ Rxd8 23. Rxc5 f5 24. Qxb4 fxe4 25. fxe4 Qf6 26. Rc1 Qf3 27. e5 Rf8 28. Qh4 Qe2 29. b4 Qxa2 30. Qg3 h6 31. h4 Rf7 32. h5 Qb2 33. Rc8+ Rf8 34. Rc7 Rf7 35. Rxf7 Kxf7 36. Qg6+ Kf8 37. Qxe6 Qb1+ 38. Kh2 Qxb4 39. Kg3 a5 40. Qd7 a4 41. e6 Qe7 42. Qxa4 Qxe6 43. Qf4+ Kg8 44. e4 Qb3+ 45. f3 Qd1 46. Qf5 Qg1+ 47. Kf4 Qh2+ 48. Ke3 Qg1+ 49. Ke2 Qg2+ 50. Kd3 Qf1+ 51. Kd4 Qa1+ 52. Kd5 Qa5+ 53. Kd6 Qb6+ 54. Ke5 Qc7+ 55. Kd4 Qb6+ 56. Qc5 Qb2+ 57. Ke3 Qb3+ 58. Kf4 Qf7+ 59. Kg3 Kh8 60. Qc8+ Kh7 61. Qc5 Kh8 62. f4 Qb3+ 63. Kg4 Qe6+ 64. Qf5 Qc4 65. Qg6 Qe2+ 66. Kf5 Qb5+ 67. e5 Qd3+ 68. Ke6 Qc4+ 69. Kd7 Qxf4 70. e6 Qd4+ 71. Ke8 Qa4+ 72. Kf8 Qa8+ 73. Qe8 Qf3+ 74. Ke7+ Kh7 75. Qg6+ Kh8 76. Qe8+ Kh7 77. Qf7 Qa3+ 78. Ke8 Qa8+ 79. Kd7 Qb7+ 80. Kd6 Qb6+ 81. Ke5 Qc5+ 82. Ke4 Qc4+ 83. Kf3 Qd3+ 84. Kf4 Qd4+ 85. Kf5 Qd5+ 86. Kg4 Qe4+ 87. Kg3 Qe3+ 88. Kh2 Qe2+ 89. Kh3 Qe3+ 90. Kg4 Qe4+ 91. Kg3 Qe3+ 92. Kg2 Qe2+ 93. Kg3 Qe3+ 1/2-1/2


[Site "https://www.chess.com"]

[Event "Titled Tuesday Blitz May 24 Early 2022"]
[White "Liyanage, Ranindu Dilshan"]
[Black "Ambartsumova, Karina"]
[WhiteFideId "9915834"]
[BlackFideId "4166299"]
[WhiteElo "1858"]
[BlackElo "2262"]
[Result "0-1"]
[Round "11"]
[TimeControl "180+1"]
[Date "2022.05.25"]
[WhiteClock "0:00:05"]
[BlackClock "0:00:06"]

1. e4 e5 2. Nf3 Nc6 3. Bb5 a6 4. Ba4 Nf6 5. O-O Be7 6. d3 d6 7. c3 O-O 8. h3 b5 9. Bb3 h6 10. Re1 Na5 11. Bc2 c5 12. d4 cxd4 13. cxd4 Nc6 14. d5 Nb4 15. Bb3 a5 16. a3 Na6 17. Nc3 Bd7 18. Be3 b4 19. axb4 axb4 20. Na4 Bb5 21. Nd2 Nc5 22. Nxc5 Rxa1 23. Qxa1 dxc5 24. Rc1 Qb6 25. Bc4 Rc8 26. f3 Ne8 27. b3 Nd6 28. Qxe5 Bf6 29. Qg3 Bd4 30. Qf2 Bxc4 31. Nxc4 Nxc4 32. Rxc4 Bxe3 33. Qxe3 f6 34. f4 Qd6 35. Rc2 Kh7 36. Qd3 Kg8 37. Re2 Re8 38. g3 h5 39. h4 Kh8 40. Qf3 g6 41. Qd3 Kg7 42. Qb5 Re7 43. Qc4 Re8 44. Rc2 Rc8 45. Ra2 Rc7 46. Qe2 Re7 47. Ra6 Qxd5 48. exd5 Rxe2 49. Rc6 Rc2 50. Rc7+ Kf8 51. Kf1 Ke8 52. Ke1 Rc3 53. Rc6 Ke7 54. Kd2 Rxb3 55. Rxc5 Rxg3 56. Rb5 Kd6 57. Rxb4 Kxd5 58. Rb6 f5 59. Ke2 Ke4 60. Rb4+ Kd5 61. Kf2 Rg4 62. Kf3 Ke6 63. Rb5 Kf7 64. Rb6 Kg7 65. Rb7+ Kh6 66. Rb6 Rxh4 67. Rb7 Rg4 68. Rc7 h4 69. Rc8 Rg3+ 70. Kf2 Kh5 71. Rg8 Kg4 72. Rxg6+ Kxf4 73. Rh6 Rg4 74. Rh5 Ke5 75. Rh8 Ra4 76. Rh5 Ra2+ 77. Kf3 Ra3+ 78. Kf2 h3 79. Rh8 Kf4 80. Kg1 Ra1+ 81. Kf2 Ra2+ 82. Kf1 h2 83. Rh4+ Kg3 84. Rh5 h1=Q+ 85. Rxh1 Ra1+ 86. Ke2 Rxh1 0-1


[Site "https://www.chess.com"]

[Event "Titled Tuesday Blitz May 24 Early 2022"]
[White "Ljukin, Sergei"]
[Black "Namitbir Singh Walia"]
[WhiteFideId "14102200"]
[BlackFideId "35071068"]
[WhiteElo "2312"]
[BlackElo "1565"]
[Result "1-0"]
[Round "11"]
[TimeControl "180+1"]
[Date "2022.05.25"]
[WhiteClock "0:00:04"]
[BlackClock "0:00:04"]

1. e4 c5 2. Nf3 Nc6 3. d4 cxd4 4. Nxd4 g6 5. c4 Nf6 6. Nc3 Nxd4 7. Qxd4 d6 8. Be3 Bg7 9. Be2 O-O 10. Qd2 Qa5 11. f3 Be6 12. Nd5 Qxd2+ 13. Kxd2 Nxd5 14. cxd5 Bd7 15. Rac1 Rfc8 16. b3 a6 17. Rxc8+ Rxc8 18. Rc1 Rxc1 19. Kxc1 f5 20. Kc2 Kf7 21. a4 Be5 22. h3 Bf6 23. Kd3 g5 24. Kc4 h5 25. Kb4 f4 26. Bf2 e6 27. Ka5 Bd8+ 28. Bb6 Bf6 29. Bc7 exd5 30. exd5 Ke7 31. Kb6 Bc8 32. Bd3 Bd4+ 33. Ka5 g4 34. hxg4 hxg4 35. Kb4 g3 36. Kc4 Be3 37. b4 Bh3 38. Bf1 Bd7 39. b5 axb5+ 40. axb5 Be8 41. Ba5 Bg6 42. Bd3 Bh5 43. Be4 Bf7 44. Bc3 Be8 45. Bg7 Bd7 46. Bd3 Bc8 47. Bh6 Bd7 48. Be2 Kf7 49. Bg5 Bf5 50. Bd3 Bd7 51. Be2 Bc8 52. Kd3 Kg6 53. Be7 Bc5 54. Ke4 Be3 55. Bxd6 Bf5+ 56. Ke5 Bc2 57. Bc7 Bb3 58. d6 Kf7 59. d7 1-0


[Site "https://www.chess.com"]

[Event "Titled Tuesday Blitz May 24 Early 2022"]
[White "Lopez, Henry"]
[Black "Hua, Lefong"]
[WhiteFideId "5203830"]
[BlackFideId "2602253"]
[WhiteElo "2177"]
[BlackElo "2628"]
[Result "0-1"]
[Round "11"]
[TimeControl "180+1"]
[Date "2022.05.25"]
[WhiteClock "0:01:15"]
[BlackClock "0:02:02"]

1. d4 Nf6 2. Nf3 g6 3. c4 Bg7 4. Nc3 O-O 5. e4 d6 6. Be2 Bg4 7. Be3 Nfd7 8. Rc1 c5 9. d5 Na6 10. O-O Nc7 11. a4 Bxf3 12. Bxf3 e6 13. dxe6 Nxe6 14. Qxd6 Nd4 15. Bxd4 cxd4 16. Nd5 Ne5 17. Qxd8 Rfxd8 18. b3 a5 19. Rfd1 h5 20. Be2 Nc6 21. f4 Bf8 22. g3 Bc5 23. Kg2 Kg7 24. e5 Rd7 25. Bf3 Rad8 26. Rd2 Nb4 27. Rcd1 Nxd5 28. Bxd5 b6 29. Kf3 Re7 30. h4 f6 31. e6 f5 32. Rxd4 Bxd4 33. Rxd4 Rxe6 0-1


[Site "https://www.chess.com"]

[Event "Titled Tuesday Blitz May 24 Early 2022"]
[White "Lutz, Igor Oscar"]
[Black "Sankalan Shah"]
[WhiteFideId "2110806"]
[BlackFideId "25600362"]
[WhiteElo "1736"]
[BlackElo "1648"]
[Result "0-1"]
[Round "11"]
[TimeControl "180+1"]
[Date "2022.05.25"]
[WhiteClock "0:00:17"]
[BlackClock "0:00:10"]

1. d4 Nf6 2. c4 g6 3. Nc3 Bg7 4. e4 d6 5. Nf3 O-O 6. Be2 e5 7. Be3 Nc6 8. d5 Ne7 9. Nd2 Ne8 10. b4 f5 11. f3 f4 12. Bf2 Nf6 13. c5 g5 14. Nc4 Ng6 15. cxd6 cxd6 16. Nb5 Ne8 17. Bxa7 g4 18. Bf2 h5 19. Nb6 Rb8 20. Rc1 g3 21. hxg3 fxg3 22. Be3 Nf4 23. Bf1 Bh3 24. gxh3 g2 25. Rg1 gxf1=Q+ 26. Kxf1 Nxh3 27. Rg3 Qh4 28. Kg2 Nf4+ 29. Bxf4 exf4 30. Rh3 Qg5+ 31. Kh2 Qf6 32. Rc2 Rf7 33. Rg2 Kf8 34. Rxh5 Nc7 35. Qd3 Nxb5 36. Qxb5 Rd8 37. Rf5 Qe7 38. Rfg5 Qf6 39. Nc4 Rc7 40. a4 Rdc8 41. Rg6 Qh4+ 42. Kg1 Bd4+ 43. Kf1 Qh1+ 44. Rg1 Bxg1 45. Rxg1 Qxf3+ 46. Ke1 Rxc4 0-1


[Site "https://www.chess.com"]

[Event "Titled Tuesday Blitz May 24 Early 2022"]
[White "Makhnev, Denis"]
[Black "Livaic, Leon"]
[WhiteFideId "13707647"]
[BlackFideId "14531534"]
[WhiteElo "2501"]
[BlackElo "2540"]
[Result "0-1"]
[Round "11"]
[TimeControl "180+1"]
[Date "2022.05.24"]
[WhiteClock "0:00:03"]
[BlackClock "0:00:04"]

1. d4 d5 2. c4 e6 3. Nf3 Nf6 4. Nc3 a6 5. cxd5 exd5 6. Bg5 Be6 7. Qc2 Nbd7 8. e3 Bd6 9. Bd3 c6 10. Bf4 Qb8 11. Bxd6 Qxd6 12. h3 O-O 13. O-O Qe7 14. Rab1 a5 15. Rfc1 g6 16. a3 Rfc8 17. Na4 Ne8 18. Ne5 Nef6 19. Nxd7 Nxd7 20. b4 axb4 21. axb4 b5 22. Nc5 Nxc5 23. Qxc5 Qxc5 24. Rxc5 Ra3 25. Be2 Bd7 26. g4 Rca8 27. g5 Ra1 28. Rxa1 Rxa1+ 29. Kg2 Rb1 30. Bg4 Be8 31. e4 Kf8 32. exd5 cxd5 33. Kg3 Rxb4 34. Rxd5 Rb3+ 35. Kf4 Rb2 36. f3 b4 37. Rd8 Ke7 38. Rb8 b3 39. d5 Ba4 40. Rb4 Be8 41. Ke5 Re2+ 42. Kd4 Rd2+ 43. Ke5 b2 44. Rb7+ Kf8 45. d6 Bc6 46. Rb8+ Kg7 47. d7 Rd5+ 48. Kf4 Bxd7 49. Bxd7 Rd4+ 50. Kg3 Rxd7 51. Rxb2 h5 52. h4 Rd4 53. Rb6 Kf8 54. Rc6 Ke7 55. Rb6 Rd6 56. Rb7+ Ke6 57. Rb5 Rd5 58. Rb6+ Ke5 59. Rf6 Rd7 60. f4+ Ke4 61. f5 gxf5 62. Rh6 f4+ 63. Kf2 Rd2+ 64. Ke1 Rh2 65. Rxh5 Ke3 66. Kf1 f3 67. Kg1 f2+ 68. Kxh2 f1=Q 69. Rh6 Qf2+ 70. Kh3 Qf3+ 71. Kh2 Qg4 72. Rh7 Qf4+ 73. Kg1 Kf3 0-1


[Site "https://www.chess.com"]

[Event "Titled Tuesday Blitz May 24 Early 2022"]
[White "Maksimenko, Viktor"]
[Black "Horak, Martin"]
[WhiteFideId "13710478"]
[BlackFideId "367095"]
[WhiteElo "2269"]
[BlackElo "1997"]
[Result "1/2-1/2"]
[Round "11"]
[TimeControl "180+1"]
[Date "2022.05.25"]
[WhiteClock "0:00:22"]
[BlackClock "0:00:07"]

1. c3 Nf6 2. d4 d5 3. Bf4 c5 4. e3 Nc6 5. Nd2 Bf5 6. Qb3 Qd7 7. Ngf3 c4 8. Qd1 e6 9. Be2 b5 10. O-O Bd6 11. Ne5 Bxe5 12. dxe5 Ne4 13. Nf3 O-O 14. Nd4 Rfb8 15. f3 Nc5 16. Nxf5 exf5 17. Qc2 Re8 18. b4 Na4 19. Rad1 Nxe5 20. e4 Nb6 21. exf5 f6 22. Be3 Rad8 23. Rfe1 Nc6 24. Bc5 d4 25. cxd4 Nd5 26. Qd2 Qxf5 27. Bf1 Qd7 28. Re4 f5 29. Ree1 Rxe1 30. Rxe1 Re8 31. Rxe8+ Qxe8 32. a4 a6 33. axb5 axb5 34. Kf2 f4 35. g3 Qe3+ 36. Qxe3 fxe3+ 37. Ke2 Kf7 38. f4 Ncxb4 39. Bg2 Ke6 40. Bh3+ Kf6 41. Bg2 Ke6 42. Bh3+ Kf6 43. Bg2 Ke6 1/2-1/2


[Site "https://www.chess.com"]

[Event "Titled Tuesday Blitz May 24 Early 2022"]
[White "Maksimovic, Bojan"]
[Black "Brodowski, Piotr"]
[WhiteFideId "14408120"]
[BlackFideId "1124480"]
[WhiteElo "2448"]
[BlackElo "2431"]
[Result "0-1"]
[Round "11"]
[TimeControl "180+1"]
[Date "2022.05.24"]
[WhiteClock "0:00:19"]
[BlackClock "0:01:00"]

1. Nf3 c5 2. g3 Nc6 3. Bg2 g6 4. O-O Bg7 5. c4 h5 6. h4 Nf6 7. Nc3 Ng4 8. d3 O-O 9. Bg5 a6 10. Qd2 Rb8 11. b3 b5 12. Rac1 d6 13. Nd5 Be6 14. Nf4 Bd7 15. Nd5 f6 16. Bf4 b4 17. Qd1 e6 18. Bxd6 exd5 19. cxd5 Nce5 20. Nxe5 fxe5 21. e3 Bh6 22. Qe2 Rc8 23. Bxc5 Rxc5 24. Rxc5 Rxf2 25. Rxf2 Bxe3 26. Rc4 Bxf2+ 27. Kf1 Bxg3 28. d6 Qf6+ 29. Qf3 Nh2+ 0-1


[Site "https://www.chess.com"]

[Event "Titled Tuesday Blitz May 24 Early 2022"]
[White "Manukian, Artak"]
[Black "Fernandez Siles, Luis"]
[WhiteFideId "13301373"]
[BlackFideId "2209420"]
[WhiteElo "2527"]
[BlackElo "2212"]
[Result "1-0"]
[Round "11"]
[TimeControl "180+1"]
[Date "2022.05.25"]
[WhiteClock "0:00:43"]
[BlackClock "0:00:27"]

1. e4 c5 2. Nf3 Nc6 3. c3 Nf6 4. e5 Nd5 5. d4 cxd4 6. cxd4 d6 7. Nc3 dxe5 8. dxe5 Nxc3 9. Qxd8+ Nxd8 10. bxc3 a6 11. Nd4 Ne6 12. f4 g6 13. Be3 Bg7 14. Bc4 O-O 15. Nxe6 Bxe6 16. Bxe6 fxe6 17. h4 h5 18. Kd2 Rac8 19. Rhb1 Rc7 20. Rb6 Rd8+ 21. Kc2 Kf7 22. Rab1 Rdd7 23. a4 Ke8 24. Rxe6 Rc6 25. Rxc6 bxc6 26. Rb6 Rc7 27. Rxa6 Kf7 28. Ra7 Rc8 29. a5 Ke6 30. Bc5 Bf8 31. a6 Kd5 32. Bxe7 Bxe7 33. Rxe7 Ke4 34. g3 Kf3 35. e6 Kxg3 36. Rf7 Kxh4 37. e7 Re8 38. a7 Kg3 39. Rf8 Rxe7 40. a8=Q Re2+ 41. Kd3 1-0


[Site "https://www.chess.com"]

[Event "Titled Tuesday Blitz May 24 Early 2022"]
[White "Martin, Lewis"]
[Black "Winkels, Marcel"]
[WhiteFideId "410551"]
[BlackFideId "1003887"]
[WhiteElo "2145"]
[BlackElo "1900"]
[Result "1-0"]
[Round "11"]
[TimeControl "180+1"]
[Date "2022.05.25"]
[WhiteClock "0:01:13"]
[BlackClock "0:00:43"]

1. e4 c5 2. Nf3 d6 3. d4 cxd4 4. Nxd4 Nf6 5. Nc3 a6 6. Bg5 Nbd7 7. Qe2 h6 8. Bh4 g6 9. O-O-O Bg7 10. f4 O-O 11. e5 Ne8 12. exd6 Nxd6 13. Bxe7 Qc7 14. Bxf8 Nxf8 15. Nd5 Qa5 16. Ne7+ Kh7 17. Kb1 Qb6 18. Nd5 Qc5 19. Nb3 Qc6 20. g4 Be6 21. Bg2 a5 22. Nf6+ Bxf6 23. Bxc6 bxc6 24. Rxd6 Bd5 25. Rd1 Be7 26. Qxe7 1-0


[Site "https://www.chess.com"]

[Event "Titled Tuesday Blitz May 24 Early 2022"]
[White "Martinez Alcantara, Jose Eduardo"]
[Black "Kollars, Dmitrij"]
[WhiteFideId "3805662"]
[BlackFideId "12909572"]
[WhiteElo "2690"]
[BlackElo "2584"]
[Result "1-0"]
[Round "11"]
[TimeControl "180+1"]
[Date "2022.05.24"]
[WhiteClock "0:00:17"]
[BlackClock "0:00:01"]

1. e4 e5 2. Nf3 Nc6 3. Bb5 a6 4. Ba4 Nf6 5. d3 Bc5 6. c3 b5 7. Bb3 d6 8. Bg5 h6 9. Bh4 Bb6 10. Nbd2 Qe7 11. Nf1 g5 12. Bg3 Nh5 13. Ne3 Bxe3 14. fxe3 Nxg3 15. hxg3 Be6 16. Qe2 a5 17. d4 Bd7 18. a3 Rb8 19. Bd5 Nd8 20. b4 c6 21. Ba2 axb4 22. axb4 Bg4 23. Bb3 Kf8 24. O-O Kg7 25. Qf2 Bxf3 26. Qxf3 h5 27. Qe2 Rh6 28. Rf5 f6 29. Qd3 Rb7 30. Rff1 Ra7 31. Ra5 Rd7 32. Qe2 Ne6 33. Ra6 Rc7 34. Qf2 g4 35. Ra8 Rh8 36. Rxh8 Kxh8 37. Qf5 Ng5 38. Qg6 Qg7 39. Qe8+ Kh7 40. Qxh5+ Qh6 41. Qxh6+ Kxh6 42. Rxf6+ Kg7 43. Rxd6 Nxe4 44. Re6 Nxc3 45. Rxe5 Kf6 46. Be6 Ra7 47. Bxg4 Ra1+ 48. Kh2 Nd5 49. Bf3 Nxb4 50. g4 1-0


[Site "https://www.chess.com"]

[Event "Titled Tuesday Blitz May 24 Early 2022"]
[White "Melikhov, Evgeny V."]
[Black "Pacheco Lugo, Alejandro Jose"]
[WhiteFideId "4122046"]
[BlackFideId "3903745"]
[WhiteElo "1931"]
[BlackElo "2146"]
[Result "0-1"]
[Round "11"]
[TimeControl "180+1"]
[Date "2022.05.25"]
[WhiteClock "0:00:07"]
[BlackClock "0:00:50"]

1. d4 Nf6 2. c4 e6 3. Nc3 Bb4 4. Qc2 b6 5. e4 c5 6. e5 cxd4 7. exf6 dxc3 8. bxc3 Qxf6 9. Bd2 Nc6 10. Nf3 h6 11. Bd3 O-O 12. O-O Bc5 13. Rae1 Bb7 14. Bc1 d6 15. Nd2 Qe7 16. Ne4 Ne5 17. Nxc5 bxc5 18. Be2 f5 19. f4 Nd7 20. Bd3 Qf7 21. Re2 Nf6 22. Rfe1 Ne4 23. Bxe4 Bxe4 24. Rxe4 fxe4 25. Qxe4 Rae8 26. g4 d5 27. Qd3 Qb7 28. f5 dxc4 29. Qxc4 Qd5 30. Qxd5 exd5 31. Rd1 Rd8 32. h3 Rfe8 33. Kf2 d4 34. cxd4 cxd4 35. Rd3 Rd7 36. Bb2 Red8 37. Kf3 Kf7 38. Ke4 Re8+ 39. Kf3 Re1 40. Rxd4 Rxd4 41. Bxd4 a6 42. a3 Rh1 43. Kg2 Rd1 44. Bc5 g6 45. fxg6+ Kxg6 46. h4 Rd3 47. Bb4 h5 48. gxh5+ Kxh5 49. Be7 Re3 50. Bc5 Re5 51. Bd6 Rd5 52. Be7 Kg4 53. Kf2 Re5 54. Bd6 Re6 55. Bb4 Kxh4 56. Kf3 Kg5 57. Bc5 Kf5 58. Be3 Ke5 59. Ke2 Kd5 60. Kd3 Rc6 61. Bg5 Rc4 62. Be7 Rc1 63. Kd2 Rc7 64. Bf8 Kc4 65. Kc2 Rf7 66. Kb1 Rxf8 0-1


[Site "https://www.chess.com"]

[Event "Titled Tuesday Blitz May 24 Early 2022"]
[White "Meunier-Pion, Jean"]
[Black "Artemenko, Oleg"]
[WhiteFideId "20685327"]
[BlackFideId "14201798"]
[WhiteElo "2124"]
[BlackElo "2287"]
[Result "0-1"]
[Round "11"]
[TimeControl "180+1"]
[Date "2022.05.24"]
[WhiteClock "0:00:02"]
[BlackClock "0:00:26"]

1. e4 e6 2. d4 d5 3. Nd2 c5 4. exd5 Qxd5 5. Ngf3 cxd4 6. Bc4 Qd7 7. O-O Nc6 8. Nb3 Nf6 9. Nbxd4 Nxd4 10. Nxd4 a6 11. Bb3 b5 12. Re1 Bb7 13. a4 b4 14. a5 O-O-O 15. c3 bxc3 16. bxc3 Kb8 17. Qe2 Bd6 18. Rb1 Qc7 19. Bc4 Ka7 20. Rb6 Bc5 21. Be3 Ka8 22. Bxa6 Be4 23. Nb5 Qe5 24. Qc4 Bxe3 25. Nc7+ Ka7 26. Nb5+ Ka8 27. Nc7+ Ka7 28. Bb7 Bxf2+ 29. Kh1 Bxb6 30. axb6+ Kxb7 31. Qa6+ Kb8 32. Qa7+ Kc8 33. Na6 Bxg2+ 34. Kxg2 Rd2+ 35. Kf3 Qf5+ 36. Ke3 Rd3+ 37. Ke2 Qf3# 0-1


[Site "https://www.chess.com"]

[Event "Titled Tuesday Blitz May 24 Early 2022"]
[White "Mikhalsky, Vladimir"]
[Black "Coto Mederos, Michel"]
[WhiteFideId "14144352"]
[BlackFideId "3508528"]
[WhiteElo "2301"]
[BlackElo "2427"]
[Result "0-1"]
[Round "11"]
[TimeControl "180+1"]
[Date "2022.05.25"]
[WhiteClock "0:00:13"]
[BlackClock "0:00:07"]

1. d4 d5 2. c4 e6 3. Nf3 Nf6 4. g3 Bb4+ 5. Bd2 Be7 6. Qc2 O-O 7. Bg2 Nbd7 8. Kf1 Ne4 9. Nc3 Ndf6 10. Ne5 Nxc3 11. Bxc3 c6 12. Bf3 Nd7 13. Ng4 dxc4 14. a4 a5 15. e4 f5 16. exf5 exf5 17. Ne3 Nb6 18. Be2 Be6 19. Rd1 f4 20. Qe4 Qd7 21. gxf4 Bd6 22. f5 Bxf5 23. Nxf5 Qxf5 24. Qxf5 Rxf5 25. Bg4 Rf4 26. Be6+ Kh8 27. Kg2 Raf8 28. Rhf1 R4f6 29. Bh3 Rg6+ 30. Kh1 Rh6 31. Kg2 Nd5 32. Bd2 Bf4 33. Bg4 Rxh2+ 34. Kg1 Rh4 35. f3 h5 36. Be1 hxg4 37. Bxh4 Ne3 38. fxg4 Nxf1 39. Rxf1 Be3+ 40. Kg2 Rxf1 41. Kxf1 Bxd4 42. Be1 Bxb2 43. Bxa5 c3 44. Ke2 c2 45. Bd2 c1=Q 46. Bxc1 Bxc1 47. Kd3 Bh6 48. Kc4 Kg8 49. Kc5 Be3+ 50. Kd6 c5 51. Kc7 c4 52. Kxb7 c3 0-1


[Site "https://www.chess.com"]

[Event "Titled Tuesday Blitz May 24 Early 2022"]
[White "Miszler, Levente"]
[Black "Clawitter, Craig"]
[WhiteFideId "763276"]
[BlackFideId "2023105"]
[WhiteElo "1966"]
[BlackElo "2208"]
[Result "1-0"]
[Round "11"]
[TimeControl "180+1"]
[Date "2022.05.25"]
[WhiteClock "0:00:13"]
[BlackClock "0:00:01"]

1. Nf3 Nf6 2. g3 e6 3. Bg2 d5 4. O-O Be7 5. b3 O-O 6. Bb2 c5 7. c4 b6 8. e3 Bb7 9. d4 Nbd7 10. Qe2 a6 11. Nbd2 Re8 12. Ne5 Nxe5 13. dxe5 Nd7 14. Rfd1 Qc7 15. Nf3 Rad8 16. Rac1 dxc4 17. Qxc4 Bxf3 18. Bxf3 Nxe5 19. Bxe5 Qxe5 20. Qxa6 Qb2 21. Qxb6 Qxa2 22. Qc7 Bf6 23. Bc6 Rxd1+ 24. Rxd1 Qxb3 25. Bxe8 Qxd1+ 26. Kg2 Qd5+ 27. Kg1 Qd1+ 28. Kg2 Qd5+ 29. Kg1 e5 30. e4 Qc4 31. Bb5 Qc1+ 32. Kg2 g6 33. Bc6 Kg7 34. Bd5 Bg5 35. Qxf7+ Kh6 36. Qf8+ Kh5 37. h4 Bxh4 38. Qf3+ Kg5 39. gxh4+ Kxh4 40. Qg3+ Kh5 41. Qxe5+ Qg5+ 42. Qxg5+ Kxg5 43. Kg3 h5 44. f4+ Kf6 45. e5+ Kf5 46. Kf3 g5 47. Be4+ Ke6 48. fxg5 Kxe5 49. g6 Kf6 50. Bc2 c4 51. Kg3 c3 52. Kh4 1-0


[Site "https://www.chess.com"]